 Dungeon Crawl Stone Soup version 0.31-a0-667-g39726597b9 (webtiles) character file.

Game seed: 11085613560779794117

58 jlumianski the Trooper (level 3, -10/29 HPs)
             Began as a Demonspawn Fighter on Sept 3, 2023.
             Mangled by a gnoll
             ... wielding a +0 heavy halberd
              (20 damage)
             ... on level 2 of the Dungeon.
             The game lasted 00:05:33 (1647 turns).

jlumianski the Trooper (Demonspawn Fighter)         Turns: 1647, Time: 00:05:34

Health: -10/29     AC: 11    Str: 18    XL:     3   Next: 75%
Magic:  3/3        EV: 14    Int:  9    God:
Gold:   101        SH:  4    Dex: 12    Spells: 2/2 levels left

rFire   . . .        a - +0 war axe
rCold   . . .        c - +0 buckler
rNeg    . . .        b - +0 scale mail
rPois   .            (no helmet)
rElec   .            f - +0 cloak
rCorr   .            (no gloves)
SInv    .            (no boots)
Will    .....        (no amulet) Stlth
                     h - +4 ring of protection
HPRegen 0.24/turn    (no ring)
MPRegen 0.08/turn

%: no passive effects
@: agile
A: powered by pain 1
a: no special abilities


You were on level 2 of the Dungeon.
You visited 1 branch of the dungeon, and saw 3 of its levels.

You collected 101 gold pieces.

Inventory:

Hand Weapons
 a - a +0 war axe (weapon)
Missiles
 e - 10 stones
 i - 6 atropa-tipped darts
 o - 2 poisoned darts
Armour
 b - a +0 scale mail (worn)
 c - a +0 buckler (worn)
 f - a +0 cloak (worn)
Jewellery
 h - a +4 ring of protection (left hand)
Scrolls
 k - a scroll of teleportation {unknown}
 l - a scroll of fear {unknown}
 m - a scroll of acquirement {unknown}
 n - a scroll of enchant weapon {unknown}
 p - a scroll of enchant armour {unknown}
 q - a scroll of identify {unknown}
 r - a scroll of revelation {unknown}
Potions
 d - a potion of might
 g - a potion of haste {unknown}
 j - a potion of attraction {unknown}
 s - a potion of brilliance {unknown}
 t - a potion of curing


   Skills:
 + Level 3.3 Fighting
 + Level 2.6 Axes
 + Level 3.1 Armour
 + Level 0.2 Dodging
 + Level 3.0 Shields


You had 2 spell levels left.
You didn't know any spells.
Your spell library contained the following spells:

 Spells                   Type           Power      Damage    Failure   Level
 Alistair's Intoxication  Tmut/Pois      0%         N/A       100%        5
 Borgnjor's Vile Clutch   Necr/Erth      0%         N/A       100%        5
 Eringya's Noxious Bog    Tmut/Pois      0%         4d6       100%        6


Dungeon Overview and Level Annotations

Branches:
Dungeon (3/15)

Altars:


Innate Abilities, Weirdness & Mutations

You sometimes gain a little power by taking damage.


Message History

a +0 club; a gnoll corpse
Things that are here:
a +0 club; a gnoll corpse HP restored.
There is a faded altar of an unknown god here.
Things that are here:
a +0 club; a gnoll corpse
There is an open door here.
Found a club.
The gnoll shouts!
Press: ? - help, v - describe, . - travel
Here: a gnoll, wielding a +0 heavy halberd The floor.
A gnoll comes into view. It is wielding a +0 whip.
The gnoll hits you from afar with a +0 heavy halberd!
You barely miss the gnoll.
The gnoll hits you with a +0 heavy halberd!
* * * LOW HITPOINT WARNING * * *
You focus on the pain.
You feel agile all of a sudden.
You closely miss the gnoll. You block the gnoll's attack.
You barely miss the gnoll. You hit the gnoll but do no damage.
The gnoll barely misses you. x2
It was a potion of curing.
You feel better. You block the gnoll's attack. The gnoll closely misses you.
The gnoll misses you.
You barely miss the gnoll. You hit the gnoll.
The gnoll hits you with a +0 whip. You block the gnoll's attack.
You hit the gnoll.
The gnoll is heavily wounded.
You closely miss the gnoll. You block the gnoll's attack.
The gnoll barely misses you. x2
You hit the gnoll but do no damage.
The gnoll is heavily wounded.
You closely miss the gnoll. The gnoll closely misses you.
You hit the gnoll.
The gnoll is heavily wounded.
You hit the gnoll.
The gnoll hits you with a +0 heavy halberd!!
Ouch! That really hurt!
You die...

#.#.###
#..§§#....#
..)..#
#.§..#....#
##...# .
#..§≈#§§..#
.....# ..
#....#.)..#
##...#
...#####'#######
##..#
...........##...
#.)#
.......#.#....##
#..##
#......g......#
####..##
###+#g@...#.....
..##...#
.......#####.#.#.
..##.#..#..##.#.
# #
..##.##......)#.
..##.# ##.... ..
..##.# ... #.
.....# ..# #.
..<### .. ...#
######


You could see 2 gnolls.

Vanquished Creatures
  An adder (D:2)
  A gnoll (D:2)
  A dart slug (D:1)
  4 ball pythons
  2 bats
  3 endoplasms (D:1)
  3 goblins (D:2)
  7 hobgoblins
  3 kobolds
  3 quokkas (D:1)
  3 frilled lizards
  3 rats (D:1)
34 creatures vanquished.

Notes
Turn   | Place    | Note
-------+----------+-------------------------------------------
     0 | D:1      | jlumianski the Demonspawn Fighter began the quest for the
                  | Orb.
     0 | D:1      | Reached XP level 1. HP: 18/18 MP: 1/1
   140 | D:1      | Gained mutation: You sometimes gain a little power by
                  | taking damage. [demonic ancestry]
   140 | D:1      | Reached XP level 2. HP: 18/24 MP: 2/2
  1142 | D:2      | Reached XP level 3. HP: 29/29 MP: 3/3
  1552 | D:2      | Found a faded altar of an unknown god.
  1647 | D:2      | Mangled by a gnoll

Illustrated notes

Levels and vault maps discovered:
D:1:      dpeg_arrival_line_fractal, layout_basic, minmay_misc_feat_diagonals,
          st_stairs_12, minmay_bisected
D:2:      layout_basic, shapermc_ecumenical_altar_notcrosses
D:3:      layout_basic, grunt_temple_overflow_cloverleaf, minmay_goblin_outpost

Skill      XL: |  1  2  3 |
---------------+----------+-----
Axes           | 2 |  2.6
Armour         | 3 |  3.1
Shields        | 3 |  3.0
Fighting       | |  3.3
Dodging        | |  0.2

Action                     || total
---------------------------++-------
  Melee: War axe           ||   121
    Use: Potion            ||     1
 Armour: Scale mail        ||   118
  Dodge: Dodged            ||    60
  Block: Buckler           ||    32

Table legend: (Time is in decaauts)
 A = Elapsed time spent in this place.
 B = Non-inter-level travel time spent in this place.
 C = Inter-level travel time spent in this place.
 D = Time resting spent in this place.
 E = Time spent auto-exploring this place.
 F = Levels seen in this place.
 G = Mean time per level.
                   A        B        C        D        E       F      G
               +--------+--------+--------+--------+--------+-----+--------+
         Total |   1699 |   1699 |      0 |      6 |   1102 |   3 |  566.3 |
       Dungeon |   1699 |   1699 |      0 |      6 |   1102 |   3 |  566.3 |
               +--------+--------+--------+--------+--------+-----+--------+

Top non-repeatable levels by time:
     D:1: 1134 daAuts
     D:2: 562 daAuts
     D:3: 1 daAuts
